 Dungeon Crawl Stone Soup version 0.28.0 (webtiles) character file.

Game seed: 1816440118607430902

150 dolemite99 the Cutter (level 5, -4/38 HPs)
             Began as a Demonspawn Gladiator on Feb 13, 2022.
             Was a Believer of Cheibriados.
             Killed by divine providence
             ... invoked by an orc priest
              (9 damage)
             ... on level 3 of the Dungeon.
             The game lasted 00:02:37 (2919 turns).

dolemite99 the Cutter (Demonspawn Gladiator)        Turns: 2919, Time: 00:02:38

Health: -4/38      AC: 13    Str: 27    XL:     5   Next: 10%
Magic:  2/5        EV:  9    Int: 15    God:    Cheibriados [**....]
Gold:   167        SH:  4    Dex: 19    Spells: 4/4 levels left

rFire   . . .      SeeInvis .   a - +0 rapier
rCold   . . .      Faith    .   (no shield)
rNeg    . . .      Spirit   .   h - +3 chain mail
rPois   .          Reflect  .   c - +0 helmet
rElec   .          Harm     .   (no cloak)
rCorr   .          Rampage  .   (no gloves)
Will    .....                   (no boots)
Stlth   ..........              (no amulet)
HPRegen 0.00/turn               n - +6 ring of strength
MPRegen 0.09/turn               (no ring)

@: lethally poisoned (-4 -> -5), about to teleport, flying, inhibited regen,
hasted, quick
A: hooves 1, sharp scales 1, condensation shield, inhibited regeneration,
subdued magic 1
a: Renounce Religion, Bend Time


You were on level 3 of the Dungeon.
You worshipped Cheibriados.
Cheibriados was pleased with you.
You visited 1 branch of the dungeon, and saw 3 of its levels.

You collected 167 gold pieces.

Inventory:

Hand Weapons
 a - a +0 rapier (weapon)
Missiles
 d - 3 throwing nets (quivered)
 k - 14 sling bullets
 m - 26 stones
Armour
 b - a +0 leather armour
 c - a +0 helmet (worn)
 h - a +3 chain mail (worn)
Jewellery
 i - the ring "Kowets" {Ice Stlth+}
   (You found it on level 2 of the Dungeon)

   [ring of ice]

   It enhances your ice magic.
   rF:        It makes you vulnerable to fire.
   rC:        It protects you from cold.
   Stlth:     It makes you more stealthy.
 n - a +6 ring of strength (left hand)
Scrolls
 e - a scroll of identify {unknown}
 g - a scroll of fear {unknown}


   Skills:
 - Level 2.0 Fighting
 + Level 5.3 Short Blades
 - Level 1.7 Throwing
 - Level 2.6 Dodging


You had 4 spell levels left.
You didn't know any spells.
Your spell library contained the following spells:

 Spells                   Type           Power      Damage    Failure   Level
 Ensorcelled Hibernation  Hex/Ice        0%         N/A       95%         2
 Passwall                 Tmut/Erth      0%         N/A       95%         2
 Frozen Ramparts          Ice            0%         1d2       99%         3
 Swiftness                Air            0%         N/A       99%         3
 Ice Form                 Ice/Tmut       0%         N/A       100%        4
 Summon Ice Beast         Ice/Summ       0%         N/A       100%        4


Dungeon Overview and Level Annotations

Branches:
Dungeon (3/15)

Altars:
Ashenzari
Cheibriados
Gozag
Ru
Sif Muna
Trog


Innate Abilities, Weirdness & Mutations

You have large cloven feet.
You are partially covered in razor-sharp scales. (AC +1, Slay +1)
A meltable shield of frost defends you. (SH +4)
You do not regenerate when monsters are visible.
Your spells are a little easier to cast, but a little less powerful.


Message History

You kill the orc priest!
Cheibriados appreciates the change of pace.
You feel sick.
An orc priest comes into view. It is wielding a +0 dagger.
You have reached level 5!
It was a potion of mutation.
You feel extremely strange.
Your connection to magic feels subdued.
Your regeneration stops near monsters.
You feel sick.
The orc priest mumbles some strange prayers to Beogh against you.
You barely resist.
It was a potion of flight.
You feel very buoyant.
You fly up into the air.
You feel sick.
The orc priest mumbles some strange prayers to Beogh against you.
Beogh smites you!
* * * LOW HITPOINT WARNING * * *
It was a potion of haste.
You feel yourself speed up.
Cheibriados forgives your accidental hurry, just this once.
You feel sick. The orc hits you but does no damage. x2
As you read the scroll of teleportation, it crumbles to dust.
You feel strangely unstable. The orc completely misses you.
The orc hits you but does no damage. The flow of time bends around you.
Cheibriados rebukes the orc.
The orc seems to slow down.
Cheibriados rebukes the orc.
The orc seems to slow down.
You feel sick.
You hit the orc. You kick the orc.
You kill the orc!
The orc hits you but does no damage.
You barely miss the orc.
You feel sick.
You hit the orc priest but do no damage.
You kick the orc priest, but do no damage.
The orc closely misses you. The orc barely misses you.
You hit the orc priest. You kick the orc priest.
The orc priest is heavily wounded.
You feel sick.
The orc priest mumbles some strange prayers to Beogh against you.
Beogh smites you!
You die...

#.⌠.### #....#. #.._...
##...♣. ##.... #####
########
#...########...>...
####o#..........###...
#...o@.......####.....
#...##o######...........
. ... ##.......... ≈≈≈≈≈
≈ #.##..#.... ≈≈≈≈≈≈≈
≈≈≈.##.##.##....
≈≈≈≈≈≈≈≈≈≈≈≈............
≈≈≈≈≈≈.≈≈≈≈≈####.#......
...≈.≈.#≈≈≈ ###..##.....
#≈≈ #...###.....


You could see an orc priest and 2 orcs.

Vanquished Creatures
  An orc priest (D:3)
  5 adders
  A worm (D:2)
  2 dart slugs (D:1)
  2 orcs
  10 endoplasms
  2 giant cockroaches
  8 goblins
  4 hobgoblins
  8 jackals
  A kobold (D:2)
  7 ball pythons
  7 bats
  4 frilled lizards
  2 rats (D:1)
64 creatures vanquished.

Notes
Turn   | Place    | Note
-------+----------+-------------------------------------------
     0 | D:1      | dolemite99 the Demonspawn Gladiator began the quest for the
                  | Orb.
     0 | D:1      | Reached XP level 1. HP: 16/16 MP: 1/1
    41 | D:1      | Reached skill level 3 in Short Blades
    97 | D:1      | Gained mutation: You are partially covered in razor-sharp
                  | scales. (AC +1, Slay +1) [demonic ancestry]
    97 | D:1      | Reached XP level 2. HP: 22/22 MP: 2/2
  1044 | D:1      | Gained mutation: You have large cloven feet. [demonic
                  | ancestry]
  1044 | D:1      | Reached XP level 3. HP: 26/27 MP: 3/3
  1192 | D:1      | Reached skill level 4 in Short Blades
  1422 | D:1      | Found a faded altar of an unknown god.
  1436 | D:1      | Prayed at the altar of an unknown god.
  1436 | D:1      | Became a worshipper of Cheibriados the Contemplative
  1436 | D:1      | Reached * piety under Cheibriados
  1793 | D:2      | Identified the ring "Kowets" {Ice Stlth+}
  1806 | D:2      | Gained mutation: A meltable shield of frost defends you.
                  | (SH +4) [demonic ancestry]
  1806 | D:2      | Reached XP level 4. HP: 17/33 MP: 4/4
  2051 | D:2      | Reached ** piety under Cheibriados
  2819 | D:3      | Found a sacrificial altar of Ru.
  2826 | D:3      | Found a shimmering blue altar of Sif Muna.
  2829 | D:3      | Found an opulent altar of Gozag.
  2829 | D:3      | Found a broken altar of Ashenzari.
  2839 | D:3      | Found a bloodstained altar of Trog.
  2844 | D:3      | Reached skill level 5 in Short Blades
  2911 | D:3      | Reached XP level 5. HP: 19/38 MP: 5/5
  2911 | D:3      | Gained mutation: Your spells are a little easier to cast,
                  | but a little less powerful. [potion of mutation]
  2911 | D:3      | Gained mutation: You do not regenerate when monsters are
                  | visible. [potion of mutation]
  2919 | D:3      | Killed from afar by an orc priest

Illustrated notes

Levels and vault maps discovered:
D:1:      erik_arrival_blinker_ship, layout_basic,
          ebering_ecumenical_altar_webs, hangedman_abyss_or_decor_lesser_grid
D:2:      layout_basic, chequers_serial_rivers_large_b,
          small_statue_intersection
D:3:      layout_rooms, nicolae_overflow_hallway_of_the_gods, serial_rivers,
          chequers_serial_rivers_marsh, chequers_serial_rivers_large_a,
          chequers_serial_rivers_small_3, chequers_serial_rivers_micro_b

Skill      XL: |  1  2  3  4 |
---------------+-------------+-----
Short Blades   | 3 4 5 |  5.3
Fighting       | |  2.0
Throwing       | |  1.7
Dodging        | |  2.6

Action                   |  1- 3 |  4- 6 || total
-------------------------+-------+-------++-------
Melee: Rapier            |    98 |    54 ||   152
       Kick              |    14 |     8 ||    22
       Punch             |       |     1 ||     1
Throw: Throwing net      |       |     1 ||     1
Invok: Bend Time         |       |     1 ||     1
  Use: Potion            |     2 |     3 ||     5
       Scroll            |       |     2 ||     2
 Stab: Sleeping          |     1 |       ||     1
Armor: Leather armour    |    37 |    10 ||    47
       Chain mail        |       |    35 ||    35
Dodge: Dodged            |    61 |    46 ||   107
Block: Other             |       |    12 ||    12
